[Event "Open Nuevo Centro. Jornada 2"]
[Site "Chess.com"]
[Date "2020.06.26"]
[Round "8"]
[White "Conejero Martínez, Víctor"]
[Black "Martínez Carvajal, Juan Francisco"]
[Result "1-0"]
[WhiteElo "1486"]
[BlackElo "1724"]
[TimeControl "180+2"]
[EndTime "11:58:43 PDT"]
[Termination "Victoria de Camelocota20 por tiempo"]

1. d4 Nf6 2. c4 e6 3. Nc3 Bb4 4.
Nf3 Ne4 5. Qc2 d5 6. e3 O-O 7. Bd3 f5 8. O-O Bxc3 9. bxc3 b6 10. Ne5 Ba6 11. f3 Nd6 12. c5 bxc5 13. dxc5 Nf7 14. Bxa6 Nxa6 15. Nc6 Qd7 16. Nd4 Nxc5 17. Ba3 Nb7 18.
Bxf8 Rxf8 19. Rfd1 Nbd6 20. Ne2 Nc4 21. Qc1 Nfd6 22. Rb1 c5 23. Re1 Qa4 24. a3 Nxa3 25.
Ra1 Ndc4 26. Ng3 Rb8 27. e4 fxe4 28. fxe4 Rb2 29. exd5 Rc2 30. Qf4 1

[Event "Open Nuevo Centro. Jornada 2"]
[Site "Chess.com"]
[Date "2020.06.26"]
[Round "8"]
[White "Castellano López, Javier"]
[Black "Cebolla Ruiz, David"]
[Result "1-0"]
[WhiteElo "1809"]
[BlackElo "1561"]
[TimeControl "180+2"]
[EndTime "11:59:02 PDT"]
[Termination "Victoria de its_xavi_official por tiempo"]

1. d4 Nf6 2. c4 g6 3. Nc3 Bg7 4. e4 d6 5. Nf3 O-O 6. Be2 e5 7. O-O Nc6 8. d5 Ne7 9. b4 Nh5 10. Re1 f5 11. a4 f4 12. Ba3 Nf6 13.
Nd2 g5 14. f3 h5 15. c5 g4 16. b5 g3 17. hxg3 fxg3 18. Nc4 dxc5 19. Bxc5 b6 20.
Bb4 h4 21. d6 cxd6 22. Qxd6 Qxd6 23. Bxd6 Re8 24. Bxe5 Nh5 25. Bxg7 Kxg7 26. Nd6 Rh8 27. Rac1 Nf4 28. Bf1 h3 29. gxh3 Nxh3+ 30. Bxh3 Rxh3 31.
Ne2 Kf6 32. Nf4 Rh2 33. e5+ Kg7 34. Rc7 Kf8 35. Rec1 Bh3 36. Nxh3 Rxh3 37. Ne4 Rd8 38. Rxa7 Rd3 39. Rcc7 Rd1+ 40. Kg2 Rhh1 41. Kxg3 1

[Event "Open Nuevo Centro. Jornada 2"]
[Site "Chess.com"]
[Date "2020.06.26"]
[Round "8"]
[White "Silva Rodriguez, Fernando"]
[Black "Vega Gutiérrez, Sabrina"]
[Result "0-1"]
[WhiteElo "2463"]
[BlackElo "2085"]
[TimeControl "180+2"]
[EndTime "11:59:08 PDT"]
[Termination "Victoria de Valeron87 por abandono"]

1. d4 d5 2. Nc3 Nf6 3. Bf4 c5 4. e3 cxd4 5. exd4 a6 6. Nf3 Nc6 7. Ne5 Qb6 8. Nxc6 Qxc6 9. Bd3 Bg4 10. Qd2 e6 11. a3 Be7 12. O-O O-O 13. Rfe1 Bh5 14.
Re3 Rac8 15. Rae1 Bg6 16. Be5 Ng4 17. Rg3 Nxe5 18. dxe5 b5 19. Ne2 Bxd3 20. Nd4 Qc4 21. Rxd3 b4 22. axb4 Qxb4 23. c3 Qb6 24. Rg3 Rfd8 25.
Rg4 Bf8 26. h4 Rb8 27. Re2 a5 28. h5 a4 29. Kh2 Rdc8 30. Rg3 Rc4 31. Qg5 Qd8 32.
Qc1 Qh4+ 33. Rh3 Qxd4 34. Ree3 Qf4+ 35. Rhg3 d4 0

[Event "Open Nuevo Centro. Jornada 2"]
[Site "Chess.com"]
[Date "2020.06.26"]
[Round "8"]
[White "Aguado, Pablo Luis"]
[Black "Donate Moreno, David"]
[Result "1-0"]
[WhiteElo "1818"]
[BlackElo "1529"]
[TimeControl "180+2"]
[EndTime "11:59:09 PDT"]
[Termination "Victoria de PLAD_2006 por abandono"]

1. d4 Nf6 2. c4 c5 3. d5 b5 4. cxb5 a6 5. e3 g6 6. Nc3 Bg7 7. a4 axb5 8. Bxb5 Ba6 9. Bd2 Bxb5 10. axb5 Rxa1 11. Qxa1 d6 12. Nf3 O-O 13. O-O Nbd7 14.
Qa6 Nb6 15. e4 Nc4 16. b3 Nxd2 17. Nxd2 Qc7 18. b6 Qb8 19. Nb5 Nd7 20. b7 c4 21.
Nxc4 Nc5 22. Qc6 Nxb7 23. Nb6 Nc5 24. b4 Nd3 25. Nd7 Qa8 26. Nxf8 Qxf8 27. Qc4 Ne5 28.
Qe2 Qb8 29. Rc1 Qb6 30. g3 Nf3+ 31. Qxf3 Qxb5 32. Qb3 Bd4 33. Qc4 Qb6 34. Rc2 Kg7 35. b5 Bc5 36. Qa4 Kf6 37. Qa6 Ke5 38. Qxb6 Bxb6 39.
Rc6 Bc5 40. b6 Kxe4 41. b7 Ba7 42. Ra6 Bb8 43. Ra8 Bc7 44. Rc8 Bb8 45. Rxb8 Kxd5 46. Rc8 1

[Event "Open Nuevo Centro. Jornada 2"]
[Site "Chess.com"]
[Date "2020.06.26"]
[Round "8"]
[White "Lopez Mateo, Juan Carlos"]
[Black "Sanchez Saez, Francisco"]
[Result "1/2-1/2"]
[WhiteElo "2005"]
[BlackElo "2275"]
[TimeControl "180+2"]
[EndTime "11:59:12 PDT"]
[Termination "Tablas por repeticiÃ³n de movimientos"]

1. e4 g6 2. Nf3 Bg7 3. d4 d6 4.
Nc3 Nf6 5. Be2 O-O 6. O-O Nc6 7. h3 e5 8. dxe5 dxe5 9. Bg5 Be6 10. Re1 h6 11. Be3 Qe7 12. Nd5 Bxd5 13. exd5 Rad8 14. c4 e4 15. Nd2 Ne5 16. Qc2 b5 17. cxb5 Nxd5 18.
Bc5 Qh4 19. Bxf8 Bxf8 20. Nxe4 Nf4 21. g3 Nxh3+ 22. Kh2 Qe7 23. Kxh3 Rd4 24. f4 Nd7 25. Kg2 Rxe4 26. Kf2 Qe6 27. Bf3 Bc5+ 28. Kg2 Rxe1 29. Rxe1 Qxe1 30. Bd5 Qg1+ 31. Kh3 Qf1+ 32. Kg4 Qxb5 33.
Qxg6+ Kh8 34. Qxh6+ Kg8 35. Qg6+ Kh8 36. Qh6+ Kg8 37.
Qg6+ Kh8 38. Qh6+ 1/2-1

[Event "Open Nuevo Centro. Jornada 2"]
[Site "Chess.com"]
[Date "2020.06.26"]
[Round "8"]
[White "Reig Albero, Ferran"]
[Black "Marín Corresa, Arturo"]
[Result "0-1"]
[WhiteElo "1818"]
[BlackElo "2192"]
[TimeControl "180+2"]
[EndTime "11:59:13 PDT"]
[Termination "Victoria de Estivella por abandono"]

1. e4 c5 2. Nf3 Nc6 3. d4 cxd4 4.
Nxd4 Nf6 5. Nc3 e6 6. Ndb5 d6 7. Bf4 e5 8. Bg5 a6 9. Bxf6 gxf6 10. Na3 b5 11. Nd5 Bg7 12. c3 Ne7 13. Nxe7 Qxe7 14.
Nc2 Bb7 15. Qg4 Kf8 16. Ne3 h5 17. Qh4 f5 18. Qxe7+ Kxe7 19. Nxf5+ Kf6 20. Nxd6 Bc6 21. f3 Bh6 22. Nf5 Rad8 23. Be2 h4 24. Rd1 Rxd1+ 25. Bxd1 Bf4 26. Kf2 Rd8 27. g3 Bc1 28. Bb3 Bxb2 29. Nxh4 Bxc3 30. Rd1 Rxd1 31. Bxd1 a5 32. Bc2 a4 33. f4 Bd7 34. Nf3 Be6 35. fxe5+ Bxe5 36. Nxe5 Kxe5 37. Bb1 Kd4 38. h4 Bg4 39. a3 Kc3 40.
Ba2 f6 41. Ke3 Kb2 42. Bd5 Kxa3 43. Kd4 b4 44. e5 fxe5+ 45. Kxe5 Kb2 46. Kd4 b3 47.
Kc4 a3 48. Kb4 a2 0

[Event "Open Nuevo Centro. Jornada 2"]
[Site "Chess.com"]
[Date "2020.06.26"]
[Round "8"]
[White "Aymerich Rosell, Pablo"]
[Black "Yatseta Fernandez, Marc Kazymyr"]
[Result "1-0"]
[WhiteElo "1989"]
[BlackElo "1489"]
[TimeControl "180+2"]
[EndTime "11:59:13 PDT"]
[Termination "Victoria de jasikevic por abandono"]

1. e4 e5 2. Nf3 Nc6 3. Bb5 a6 4. Ba4 d6 5. O-O Nf6 6. Re1 Be7 7. d4 b5 8. Bb3 exd4 9. c3 dxc3 10. Nxc3 O-O 11. a4 Be6 12. Bxe6 fxe6 13. axb5 axb5 14. Rxa8 Qxa8 15. Nxb5 Qb7 16. Qb3 Kh8 17. Ng5 d5 18. Nxe6 dxe4 19. Nxf8 Bxf8 20. Qf7 Bb4 21. Nc3 Bxc3 22.
bxc3 Ne5 23. Qf8+ Ng8 24. Be3 Nd3 25. Bd4 c5 26. Bxg7+ Qxg7 27. Qxg7+ Kxg7 28. Rxe4 Nf6 29. Re3 c4 30. Re7+ Kg6 31. Rc7 Ne4 32. Rxc4 Nexf2 33. Rd4 Kf5 34. c4 Ke5 35. Rd7 h6 36. Rd8 Kf5 37.
Rf8+ Ke4 38. Rxf2 Nxf2 39. Kxf2 Kd4 40. Kg3 Kxc4 41. Kg4 Kd5 42. Kh5 1

[Event "Open Nuevo Centro. Jornada 2"]
[Site "Chess.com"]
[Date "2020.06.26"]
[Round "8"]
[White "Casado Andreu, David"]
[Black "Martínez Cuenca, Jose Andrés"]
[Result "1-0"]
[WhiteElo "1628"]
[BlackElo "1119"]
[TimeControl "180+2"]
[EndTime "11:59:14 PDT"]
[Termination "Victoria de dave6635 por tiempo"]

1. e4 c5 2. Nf3 g6 3. d4 cxd4 4. Nxd4 Nc6 5. Nc3 Bg7 6. Be3 d6 7. Qd2 Nf6 8. Bc4 O-O 9. Bb3 Be6 10. Bxe6 fxe6 11. Nxe6 Qe8 12. Nxf8 Qxf8 13. O-O Ne5 14. Bh6 Bxh6 15. f4 Nc4 16. Qd4 Nxb2 17. Rab1 Bg7 18. Rxb2 Nh5 19. Qd2 Rc8 20. Rb3 b5 21. Nxb5 Rc5 22.
Nd4 Bxd4+ 23. Qxd4 Rxc2 24. Rbf3 Rxa2 25. Qd5+ Qf7 26.
Qxf7+ Kxf7 27. e5 dxe5 28. fxe5+ Ke6 29. g4 Ng7 30. h3 Ra4 31. Re3 h5 32. Rf8 hxg4 33.
hxg4 Rxg4+ 34. Kh2 Rh4+ 35. Kg3 Nf5+ 36. Rxf5 Rh6 37.
Rf8 Rh5 38. Rg8 Kf5 39. e6 Rg5+ 40. Kf2 Rg4 41. Rf8+ 1

[Event "Open Nuevo Centro. Jornada 2"]
[Site "Chess.com"]
[Date "2020.06.26"]
[Round "8"]
[White "Cayon Pelaez, Pablo"]
[Black "Albuixech Sanz, Jorge"]
[Result "0-1"]
[WhiteElo "1733"]
[BlackElo "1627"]
[TimeControl "180+2"]
[EndTime "11:59:42 PDT"]
[Termination "Victoria de Gamyi2 por abandono"]

1. e4 c5 2. Nf3 d6 3. d4 cxd4 4. Nxd4 Nf6 5. Nc3 a6 6. f3 e5 7. Nb3 Be6 8. Be3 Be7 9. Qd2 O-O 10. Be2 Nbd7 11. g4 b5 12. O-O-O Nb6 13. h4 Bc4 14. Rdg1 Bxe2 15. Nxe2 Nc4 16. Qd3 Nxe3 17. Qxe3 d5 18. g5 Nh5 19. Ng3 Nf4 20. Nf5 d4 21.
Qf2 Qc7 22. Kb1 d3 23. cxd3 Nxd3 24. Qe3 Rfd8 25. Rd1 Nf4 26. Rc1 Qb7 27. Na5 Qd7 28.
Rhd1 Qe6 29. Nc6 Rxd1 30. Ncxe7+ Kf8 31. Rxd1 Qc4 32. Qc3 Qe2 33. Rc1 Rd8 34. Qxe5 Nd3 35.
Qxg7+ Ke8 36. Qh8+ Kd7 37. Qd4+ Ke8 38. Qh8+ Kd7 39.
Qd4+ Ke8 40. Qc3 Nxc1 41. Qxc1 Rd1 42. Nd6+ Kxe7 43. Nf5+ Kf8 44. Ng3 Rxc1+ 45. Kxc1 Qe1+ 46. Kc2 Qxg3 0

[Event "Open Nuevo Centro. Jornada 2"]
[Site "Chess.com"]
[Date "2020.06.26"]
[Round "8"]
[White "Macias Pino, Diego"]
[Black "Segarra Martinez, Axel"]
[Result "0-1"]
[WhiteElo "2217"]
[BlackElo "2237"]
[TimeControl "180+2"]
[EndTime "11:59:43 PDT"]
[Termination "Victoria de Alejandrosky por jaque mate"]

1. e4 e6 2. d4 d5 3. Nd2 Nf6 4.
e5 Nfd7 5. f4 c5 6. c3 Nc6 7. Ndf3 cxd4 8. cxd4 Qb6 9. a3 f6 10.
Bd3 Be7 11. Ne2 fxe5 12. dxe5 O-O 13. b4 a5 14. b5 Na7 15. a4 Bb4+ 16. Bd2 Nc5 17.
Bxb4 axb4 18. Bc2 b3 19. Bxb3 Nxb5 20. Bc2 Ne4 21. Bxe4 dxe4 22. Ng5 Qa5+ 23. Qd2 e3 24. Qxa5 Rxa5 25. O-O Nc7 26. Nc3 Bd7 27. Rae1 Bxa4 28.
Rxe3 Bc6 29. Nge4 b5 30. Ne2 Nd5 31. Rg3 b4 32. Nd4 Bd7 33. f5 exf5 34. e6 fxe4 35. Rxf8+ Kxf8 36. exd7 Ra8 37. Nc6 e3 38. Rf3+ Kg8 39.
Rf1 Nc3 40. Re1 e2 41. Kf2 b3 42. Rc1 b2 43. Rxc3 b1=Q 44. Ne7+ Kf7 45. Rc8 e1=Q+ 46. Kf3 Qbe4# 0

[Event "Open Nuevo Centro. Jornada 2"]
[Site "Chess.com"]
[Date "2020.06.26"]
[Round "8"]
[White "Sanchis Bon, Sergi"]
[Black "Cinà Asensio, Luca "]
[Result "1-0"]
[WhiteElo "959"]
[BlackElo "618"]
[TimeControl "180+2"]
[EndTime "11:59:56 PDT"]
[Termination "Victoria de Sergi_2011 por jaque mate"]

1. e4 e6 2. e5 Nc6 3. Nf3 d6 4.
exd6 Qxd6 5. Nc3 Qd8 6. g3 Bb4 7. Bg2 Bxc3 8. dxc3 Nge7 9. Qxd8+ Nxd8 10. O-O O-O 11.
Nh4 h6 12. f4 Nd5 13. Be3 Nxe3 14. Rf2 Nxg2 15. Kxg2 Bd7 16. g4 Bc6+ 17. Kg3 b6 18.
g5 hxg5 19. fxg5 Nb7 20. g6 fxg6 21. Rxf8+ Rxf8 22. Nxg6 Rf3+ 23. Kg4 Kf7 24. Ne5+ Kf6 25. Nxf3 Bxf3+ 26. Kxf3 e5 27. Rf1 Ke6 28. Rg1 Kf7 29.
Ke4 Nd6+ 30. Kxe5 Nc4+ 31. Kf5 Ne3+ 32. Ke5 Nc4+ 33. Kf4 Kf6 34. b3 g5+ 35. Rxg5 Ke6 36. Ke4 Nd6+ 37. Kd4 Nf7 38. Rh5 Nd6 39. Ke3 Nf5+ 40.
Ke4 Ng7 41. Rh6+ Kf7 42. Rh7 Kg6 43. Rxg7+ Kxg7 44. Kd5 Kf7 45. c4 Ke7 46. a4 Kd7 47. b4 Kc8 48. b5 Kb7 49. h3 Kc8 50. Kc6 Kd8 51. Kb7 Kd7 52. Kxa7 Ke7 53. Kb8 Kd7 54. Kb7 Kd8 55. Kc6 Kc8 56. c5 bxc5 57. Kxc5 Kb7 58.
h4 Kc8 59. a5 Kd8 60. a6 Ke7 61. a7 Kf6 62. a8=Q Kf5 63. Qh1 Kg4 64. Qf1 Kxh4 65. Qg1 Kh5 66. Kd5 Kh6 67. Ke5 Kh7 68. Kf6 Kh6 69.
Qh1# 1

[Event "Open Nuevo Centro. Jornada 2"]
[Site "Chess.com"]
[Date "2020.06.26"]
[Round "8"]
[White "Lloret Ramis, Juan José"]
[Black "Pallardo Lozoya, Jose Vicente"]
[Result "1/2-1/2"]
[WhiteElo "1988"]
[BlackElo "2170"]
[TimeControl "180+2"]
[EndTime "12:00:03 PDT"]
[Termination "Tablas por repeticiÃ³n de movimientos"]

1. c4 e5 2. Nc3 Nc6 3. Nf3 g6 4. d4 d6 5. dxe5 Nxe5 6. Nxe5 dxe5 7. Qxd8+ Kxd8 8. b3 c6 9. e3 Bf5 10. Be2 Kc7 11. Bb2 f6 12. g4 Be6 13. O-O-O Nh6 14.
h3 Nf7 15. Ne4 Be7 16. f4 Rhe8 17. g5 fxg5 18. fxg5 Bf5 19. Nf6 Bxf6 20. gxf6 h5 21. c5 Re6 22. Bc4 Rxf6 23. Bxf7 Rxf7 24. Bxe5+ Kc8 25.
h4 Re7 26. Bf4 Rd7 27. Rxd7 Kxd7 28. Rd1+ Ke7 29. Bg5+ Kf7 30. Rd8 Rxd8 31. Bxd8 Ke6 32. Kd2 Kd5 33. Be7 Ke4 34. Bg5 Be6 35. Kc3 Bd5 36. a3 Be6 37. b4 Bh3 38. Bf4 Bg4 39. Bg5 Bd1 40. Bf4 Ba4 41. Bg5 b6 42. cxb6 axb6 43. Bd8 b5 44. Bg5 Bd1 45. Bf4 Bg4 46.
Bg5 Bf5 47. Bf4 Kd5 48. Bg5 Be4 49. Bf4 c5 50. bxc5 Kxc5 51. Bg5 Bf3 52. Bf4 Bd1 53. Bg5 Kd5 54. Bf4 Ke4 55. Bg5 Kf5 56. Bf4 Bf3 57.
Bg5 Kg4 58. Kb4 Be2 59. a4 bxa4 60. Kxa4 Kf5 61. Kb4 Ke4 62. Kc3 Bg4 63. Bf4 Bd7 64. Bg5 Bf5 65. Bf4 Bd7 66. Bg5 Bf5 67. Bf4 Bd7 1/2-1

[Event "Open Nuevo Centro. Jornada 2"]
[Site "Chess.com"]
[Date "2020.06.26"]
[Round "8"]
[White "Kovacevic, Slobodan"]
[Black "Gimeno Higueras, Roberto"]
[Result "0-1"]
[WhiteElo "2101"]
[BlackElo "2009"]
[TimeControl "180+2"]
[EndTime "12:00:17 PDT"]
[Termination "Victoria de Chicogrande2 por tiempo"]

1. d4 Nf6 2. Nf3 e6 3. Bf4 b6 4. Nbd2 Bb7 5. e3 Be7 6. h3 O-O 7. Bd3 d6 8. c3 Nbd7 9. Qe2 Re8 10. O-O Bf8 11. Bh2 e5 12. dxe5 Nxe5 13. Nxe5 dxe5 14. Rfd1 Qd5 15. e4 Qc5 16. Rac1 a5 17. a4 Rad8 18. Bb5 Bc6 19. Nb3 Bxb5 20. axb5 Qe7 21. Nd2 Qc5 22. b3 g6 23. c4 Bh6 24. Ra1 Qb4 25.
Nf3 Qxb3 26. Rxd8 Rxd8 27. Bxe5 Bg7 28. Bxc7 Rc8 29. Bxb6 Rxc4 30. e5 Nd5 31. Bxa5 Nf4 32. Qd2 Nxh3+ 33. Kh2 Nf4 34. b6 Ne6 35. Qd7 Rf4 36.
b7 Rxf3 37. Qc8+ Nf8 38. b8=Q Qd5 39. gxf3 Bxe5+ 40. Kg2 Bxb8 41. Qxb8 Qg5+ 42. Qg3 Qf6 43. Rc1 h5 44. Rc8 Qe6 45. Qb8 Qe7 46. Bb4 Qg5+ 47. Kf1 Kh7 48. Bxf8 h4 49. Bg7 Kxg7 0

[Event "Open Nuevo Centro. Jornada 2"]
[Site "Chess.com"]
[Date "2020.06.26"]
[Round "8"]
[White "Amorós Pérez, Manuel David"]
[Black "Yuste Valenzuela, Alejandro"]
[Result "1-0"]
[WhiteElo "1659"]
[BlackElo "1837"]
[TimeControl "180+2"]
[EndTime "12:00:39 PDT"]
[Termination "Victoria de mpad1984 por abandono"]

1. e4 c5 2. Nf3 d6 3. d4 cxd4 4. Nxd4 Nf6 5. Nc3 g6 6. Nf3 Bg7 7. e5 Ng8 8. exd6 Qxd6 9. Qxd6 exd6 10. Nb5 Kd7 11. Bf4 Nf6 12. Rb1 Re8+ 13. Be2 Nd5 14. Bg3 Be5 15. Rd1 Bxg3 16. hxg3 Nb4 17. Rxd6+ Ke7 18.
Rd2 N8a6 19. a3 Nc6 20. Rxh7 Bg4 21. Kf1 Rad8 22. Rxd8 Rxd8 23. Bd3 Bxf3 24. gxf3 Ne5 25. Ke2 Nc5 26. Be4 Nxe4 27. fxe4 Nc4 28. b3 Ne5 29.
Nc3 Nc6 30. Nd5+ Ke6 31. c3 Na5 32. b4 Nc4 33. a4 Nd6 34. f3 Nc4 35. Rh1 f5 36.
Rd1 fxe4 37. fxe4 Rf8 38. Nf4+ Kf7 39. Rd4 Ne5 40. Rd5 Kf6 41. Rd6+ Kf7 42. Re6 Ng4 43. Rxg6 Ne5 44. Re6 Ng4 45. Rd6 Rh8 46. Kf3 Ne5+ 47. Ke3 Rh1 48. Rd5 Nc4+ 49. Kd4 Nd2 50. Rd7+ Ke8 51.
Rxb7 Nb3+ 52. Ke5 Rh6 53. g4 Nd2 54. Rc7 Nf3+ 55. Kf5 Nh4+ 56. Kg5 1

[Event "Open Nuevo Centro. Jornada 2"]
[Site "Chess.com"]
[Date "2020.06.26"]
[Round "8"]
[White "Clement Gómez, José Antonio"]
[Black "Garcia, Jhoel"]
[Result "1-0"]
[WhiteElo "2496"]
[BlackElo "2298"]
[TimeControl "180+2"]
[EndTime "12:01:54 PDT"]
[Termination "Victoria de P4AD por abandono"]

1. c4 e6 2. g3 Nf6 3. Bg2 c5 4. Nf3 b6 5. O-O Bb7 6. b3 d6 7. Bb2 Be7 8. Nc3 Nbd7 9. Re1 O-O 10. e4 a6 11. d4 cxd4 12. Qxd4 Qc7 13. Rad1 Rfd8 14.
h3 Rac8 15. Qe3 Ba8 16. e5 dxe5 17. Nxe5 Bxg2 18. Kxg2 b5 19. cxb5 axb5 20. Kh2 Bc5 21. Qe2 Bxf2 22. Nxb5 Qb6 23. Rf1 Bc5 24. a4 Nxe5 25.
Bxe5 Nd5 26. Bd4 Bxd4 27. Rxd4 Qc5 28. Qf2 f6 29. Rfd1 Qc2 30. Qxc2 Rxc2+ 31. R1d2 Rdc8 32. Nd6 Rxd2+ 33. Rxd2 Rc3 34. Rb2 Nb4 35. Ne4 Re3 36.
Nc5 f5 37. a5 Rc3 38. Na4 Nd3 39. Rb1 Rc2+ 40. Kg1 Nb4 41. Nb6 e5 42. Nc4 f4 43.
gxf4 exf4 44. Ra1 Na6 45. Rb1 g5 46. Ne5 Nb4 47. Nc4 h5 48. Ra1 Na6 49. Ne5 Kg7 50. Nf3 g4 51. hxg4 hxg4 52. Nd4 Rc3 53. Ne6+ Kf6 54.
Nxf4 Rxb3 55. Kg2 Kg5 56. Ne6+ Kf6 57. Nd4 Rd3 58. Ne2 Kg5 59. Kf2 Rd2 60. Ke3 Rb2 61. Rd1 Nb4 62. Kf2 Ra2 63. Rd4 Nc2 64. Rd5+ Kf6 65. Rd2 Nb4 66. Rxa2 Nxa2 67. a6 Nb4 68. a7 Nd3+ 69. Kg1 Ne5 70. a8=Q Nf3+ 71. Kf2 Ne5 72. Qa6+ Kf5 73. Ng3+ Kf4 74. Ne2+ Kf5 75. Qa5 g3+ 76. Kxg3 Ke6 77. Nf4+ 1

[Event "Open Nuevo Centro. Jornada 2"]
[Site "Chess.com"]
[Date "2020.06.26"]
[Round "8"]
[White "Gómez Alonso, Óscar"]
[Black "Crevillen Abad, Clemente"]
[Result "1-0"]
[WhiteElo "1844"]
[BlackElo "1743"]
[TimeControl "180+2"]
[EndTime "12:02:07 PDT"]
[Termination "Victoria de osgo78 por tiempo"]

1. d4 Nf6 2. c4 g6 3. Nc3 d5 4.
Nf3 Bg7 5. e3 O-O 6. Be2 c6 7.
O-O Nbd7 8. cxd5 cxd5 9. b3 a6 10. Bb2 b5 11. Rc1 Bb7 12. h3 Rc8 13. Qd2 Re8 14.
Rfd1 e6 15. Bf1 Nb6 16. Ne5 Nfd7 17. Nxd7 Qxd7 18. Ne2 Rxc1 19. Rxc1 Rc8 20. Nf4 Kf8 21. Nd3 Rxc1 22. Qxc1 Qc8 23. Ba3+ Kg8 24. Nc5 Bf8 25. Qd2 Nd7 26. b4 Nxc5 27. bxc5 f6 28. Qa5 Be7 29. Qb6 Kf7 30. Bb4 Qc6 31. Qxc6 Bxc6 32. Ba5 e5 33. Bd3 Ke6 34. Kf1 f5 35. Ke2 e4 36. Bc2 g5 37.
Bc7 Kd7 38. Ba5 Ke6 39. f3 h5 40. fxe4 fxe4 41. Bb3 Kf5 42. Bc7 g4 43. Kf2 Bh4+ 44. Bg3 Bg5 45. hxg4+ Kxg4 46. Bd6 h4 47. a3 h3 48.
Bd1+ Kf5 49. gxh3 Bh4+ 50. Kg2 a5 51. Bg4+ Kf6 52. Kf1 Bg5 53. Be5+ Kg6 54. Kf2 Bh4+ 55. Ke2 Be7 56. Bf4 Bd8 57. Kd2 Be7 58. Bc7 a4 59.
Bf4 Bd8 60. Kc3 Ba5+ 61. Kc2 Bd8 62. Bg3 Ba5 63. Bf2 Kg5 64. Be2 Kg6 65. h4 Kh6 66.
Bg3 Bd8 67. Bf4+ Kg6 68. h5+ Kg7 69. h6+ Kh7 70. Bg4 Bf6 71. Bf5+ Kg8 72. h7+ Kg7 73. Kc3 Kf7 74. Kb4 1

[Event "Open Nuevo Centro. Jornada 2"]
[Site "Chess.com"]
[Date "2020.06.26"]
[Round "9"]
[White "Vega Gutiérrez, Sabrina"]
[Black "Remolar Gallen, Jose"]
[Result "1/2-1/2"]
[WhiteElo "2098"]
[BlackElo "2344"]
[TimeControl "180+2"]
[EndTime "12:05:57 PDT"]
[Termination "Partida en tablas por mutuo acuerdo"]

1. e4 c5 2. Nf3 d6 3. d4 cxd4 4. Qxd4 Nf6 5. Bb5+ Bd7 6. c4 e5 7. Qd3 Be7 8. Bg5 O-O 9. Bxf6 gxf6 10. Nc3 Na6 1/2-1

[Event "Open Nuevo Centro. Jornada 2"]
[Site "Chess.com"]
[Date "2020.06.26"]
[Round "9"]
[White "Salvador Buiza, Victor"]
[Black "Montesinos Diaz, Luis"]
[Result "0-1"]
[WhiteElo "1760"]
[BlackElo "1960"]
[TimeControl "180+2"]
[EndTime "12:06:45 PDT"]
[Termination "Victoria de Gwiso_06 por tiempo"]

1. e4 c6 2. d4 d5 3. e5 c5 4.
dxc5 e6 5. Be3 Nd7 6. Bb5 Ne7 7. Nc3 Nc6 8. Nf3 Nxc5 9. O-O a6 10. Bxc6+ bxc6 11. Nd4 Bb7 0

[Event "Open Nuevo Centro. Jornada 2"]
[Site "Chess.com"]
[Date "2020.06.26"]
[Round "9"]
[White "Segarra Martinez, Axel"]
[Black "Clement Gómez, José Antonio"]
[Result "0-1"]
[WhiteElo "2230"]
[BlackElo "2499"]
[TimeControl "180+2"]
[EndTime "12:06:53 PDT"]
[Termination "Victoria de P4AD por tiempo"]

1. e4 c5 2. Nf3 e6 3. d4 cxd4 4.
Nxd4 Nc6 5. Nc3 d6 6. Be3 Nf6 7. Be2 Be7 8. O-O O-O 9. f4 Bd7 10. Kh1 Nxd4 11. Qxd4 Bc6 12. Rad1 Nd7 13. Bf3 e5 14.
Qd2 exf4 15. Bxf4 Ne5 16. Nd5 Bxd5 17. Qxd5 Qc7 18. c3 Rad8 0

[Event "Open Nuevo Centro. Jornada 2"]
[Site "Chess.com"]
[Date "2020.06.26"]
[Round "9"]
[White "Saiz Sapena, Veronica"]
[Black "Tormos Beltran, Maite"]
[Result "1-0"]
[WhiteElo "1555"]
[BlackElo "1456"]
[TimeControl "180+2"]
[EndTime "12:06:59 PDT"]
[Termination "Victoria de Titina1 por tiempo"]

1. e4 d5 2. exd5 Qxd5 3. Nf3 Bg4 4. Be2 Nf6 5. d3 c6 6. h3 Bh5 7. Nc3 Qd8 8. Ne5 Bxe2 9. Qxe2 e6 10. Bg5 Be7 11. O-O O-O 12. Ne4 Nxe4 13. Bxe7 Qxe7 14. Qxe4 Nd7 15. Nf3 1

[Event "Open Nuevo Centro. Jornada 2"]
[Site "Chess.com"]
[Date "2020.06.26"]
[Round "9"]
[White "Gerona Maura, Jesus"]
[Black "Gimenez Saiz, Jose Raul"]
[Result "0-1"]
[WhiteElo "1734"]
[BlackElo "1541"]
[TimeControl "180+2"]
[EndTime "12:07:04 PDT"]
[Termination "Victoria de rango013 por tiempo"]

1. e4 d5 2. Nf3 dxe4 3. Ng5 Nf6 4. d3 Bg4 5. Be2 Bxe2 6. Qxe2 exd3 7. cxd3 h6 8. Nf3 Nc6 9. Nc3 e6 10. Bf4 Bd6 11.
Bg3 O-O 12. O-O Bxg3 13. hxg3 Nd4 14. Nxd4 Qxd4 15. Nb5 Qd7 16. Nc3 c5 0

[Event "Open Nuevo Centro. Jornada 2"]
[Site "Chess.com"]
[Date "2020.06.26"]
[Round "9"]
[White "Yatseta Fernandez, Marc Kazymyr"]
[Black "Reig Albero, Ferran"]
[Result "1-0"]
[WhiteElo "1503"]
[BlackElo "1804"]
[TimeControl "180+2"]
[EndTime "12:07:27 PDT"]
[Termination "Victoria de K_73 por jaque mate"]

1. d4 Nf6 2. c4 e6 3. g3 d5 4. Bg2 Bb4+ 5. Bd2 Be7 6. Nf3 O-O 7. O-O c6 8. Bf4 b6 9. Nbd2 Nbd7 10.
a3 Bb7 11. b4 c5 12. dxc5 bxc5 13. bxc5 Nxc5 14. Rb1 Ba6 15. Ne5 Rc8 16. Nb3 dxc4 17.
Nxc5 Qxd1 18. Rfxd1 Bxc5 19. a4 Rfd8 20. Rxd8+ Rxd8 21. Nc6 Rd7 22. Rb8+ Bf8 23. Bd6 Rxd6 24. Ne7+ Kh8 25. Rxf8+ Ng8 26. Rxg8# 1

[Event "Open Nuevo Centro. Jornada 2"]
[Site "Chess.com"]
[Date "2020.06.26"]
[Round "9"]
[White "Alvarez Usina, Jordi"]
[Black "URSARIU, NIKOLAS VICTOR"]
[Result "0-1"]
[WhiteElo "1155"]
[BlackElo "1001"]
[TimeControl "180+2"]
[EndTime "12:07:41 PDT"]
[Termination "Victoria de NikolasVictor por tiempo"]

1. d4 d5 2. Bf4 Nc6 3. e3 Bf5 4. Nf3 e6 5. c3 Nf6 6. Nbd2 Bd6 7. Ne5 Bxe5 8. dxe5 Nd7 9. Nf3 Bg4 10. Be2 Bxf3 11. Bxf3 Ndxe5 12. Bxe5 Nxe5 13. Be2 O-O 14. Bd3 Nc6 15.
Bc2 Qf6 16. Qd3 g6 17. O-O-O Ne5 0

[Event "Open Nuevo Centro. Jornada 2"]
[Site "Chess.com"]
[Date "2020.06.26"]
[Round "9"]
[White "Valero Artagoitia, Sara"]
[Black "Elenkov Olmo, Ivan"]
[Result "1-0"]
[WhiteElo "581"]
[BlackElo "881"]
[TimeControl "180+2"]
[EndTime "12:07:45 PDT"]
[Termination "Victoria de saraartago por tiempo"]

1. e4 e5 2. Nf3 Nc6 3. Bc4 h6 4.
O-O Nf6 5. h3 Bc5 6. Nc3 O-O 7.
d3 d6 8. a3 Bd7 9. b4 Bd4 10.
Bd2 Bxc3 11. Bxc3 Qe7 12. a4 1

[Event "Open Nuevo Centro. Jornada 2"]
[Site "Chess.com"]
[Date "2020.06.26"]
[Round "9"]
[White "Rodriguez, Mathias"]
[Black "Aguado, Pablo Luis"]
[Result "1-0"]
[WhiteElo "1973"]
[BlackElo "1794"]
[TimeControl "180+2"]
[EndTime "12:07:51 PDT"]
[Termination "Victoria de niguil por abandono"]

1. e4 e5 2. Nf3 Nf6 3. Bc4 Nxe4 4.
Nc3 Nxc3 5. dxc3 Be7 6. Nxe5 O-O 7. Qf3 Bf6 8. Nxf7 Rxf7 9. O-O c6 10. Bxf7+ Kxf7 11.
Bg5 d5 12. Rae1 Nd7 13. Qh5+ Kf8 14. Be3 Kg8 15. Bf4 Nf8 16. Re8 Qd7 17. Rfe1 g6 18.
Qf3 Bg7 19. R1e7 Qf5 20. g4 Qxg4+ 21. Qxg4 Bxg4 22. Rxa8 1

[Event "Open Nuevo Centro. Jornada 2"]
[Site "Chess.com"]
[Date "2020.06.26"]
[Round "9"]
[White "García Giménez, Santiago"]
[Black "Castellano López, Javier"]
[Result "0-1"]
[WhiteElo "1870"]
[BlackElo "1827"]
[TimeControl "180+2"]
[EndTime "12:08:23 PDT"]
[Termination "Victoria de its_xavi_official por abandono"]

1. e4 d5 2. exd5 Qxd5 3. Nc3 Qa5 4. b4 Qxb4 5. Rb1 Qd6 6. d4 c6 7. Nf3 Bg4 8. Be2 b6 9. h3 Bh5 10. O-O Nf6 11. Bg5 Nbd7 12. Qd2 e6 13. Bf4 Qe7 14. Rfe1 Qd8 15. Ng5 Bxe2 16. Qxe2 Be7 17. d5 cxd5 18.
Nxf7 Kxf7 19. Qxe6+ Kf8 20. Bg3 Nc5 21. Qe2 Bd6 22.
Bxd6+ Qxd6 23. Nb5 Qd7 24. Qf3 h6 25. Rbd1 Kg8 26. Nd4 Kh7 27. c4 Rhe8 28. cxd5 Rxe1+ 29. Rxe1 Qxd5 0